Map: Abyssal Reef LE

Players

Optimus

  • Race: Terran Terran
  • Spawn Location: 5:00

Zanster - Winner!

  • Race: Zerg Zerg
  • Spawn Location: 11:00

Event: WCS Valencia 2017

VOD

Have the link to the VOD?

Description

Time

  • Played on: July 13, 2017, 10:39 a.m.
  • Length: 11:32

All games in this series

Show
View Real Time Build Order
Export as new Build Order

Optimus Terran 

Build Orders:  

Get SALT Encoding   

  12  0:00  SCV  
  13  0:12  SCV  
  14  0:19  Supply Depot  
  14  0:24  SCV  
  15  0:40  SCV  
  16  0:43  Barracks  
  16  0:47  Refinery  
  16  0:53  SCV  
  17  1:00  Barracks  
  17  1:05  SCV  
  18  1:17  SCV  
  19  1:30  Orbital Command, Reaper  
  20  1:37  Barracks  
  20  1:44  Refinery  
  20  1:47  Reaper  
  21  1:54  Supply Depot  
  21  1:57  SCV  
  22  2:06  Reaper  
  23  2:16  SCV  
  23  2:17  Supply Depot  
  23  2:19  Reaper  
  25  2:25  Reaper  
  25  2:28  SCV  
  27  2:38  Reaper  
  27  2:40  SCV  
  29  2:53  Command Center  
  29  3:00  Reaper  
  29  3:03  Reaper  
  29  3:04  SCV  
  32  3:10  Reaper  
  33  3:20  Barracks  
  33  3:23  Barracks  
  33  3:27  SCV  
  33  3:32  Reaper  
  33  3:35  Reaper  
  34  3:43  SCV, Reaper  
  35  3:50  Refinery  
  35  3:55  SCV  
  36  4:04  Refinery, Reaper  
  36  4:06  Orbital Command  
  36  4:07  SCV, Reaper x2  
  40  4:11  Reaper  
  40  4:16  Supply Depot  
  41  4:18  Reaper  
  42  4:24  SCV  
  43  4:32  SCV  
  43  4:36  SCV, Reaper  
  46  4:39  Reaper x2  
  46  4:43  Reaper  
  46  4:44  SCV  
  50  4:52  Barracks  
  50  4:56  Barracks  
  50  4:58  Reaper  
  51  5:04  SCV  
  52  5:09  Reaper  
  52  5:11  Reaper x2  
  55  5:15  Reaper  
  55  5:17  Barracks  
  57  5:24  Supply Depot  
  56  5:28  SCV  
  56  5:30  Reaper  
  58  5:38  SCV  
  58  5:41  Reaper  
  60  5:43  Reaper x2  
  60  5:45  Reaper  
  60  5:47  Reaper  
  55  6:00  SCV, Reaper  
  55  6:02  Reaper  
  58  6:05  Reaper  
  58  6:10  SCV  
  60  6:13  SCV, Reaper  
  60  6:15  Reaper x2  
  60  6:16  Command Center  
  60  6:17  Reaper  
  65  6:21  Reaper, Supply Depot  
  65  6:22  SCV  
  65  6:25  SCV  
  68  6:32  Reaper  
  69  6:34  Reaper  
  70  6:41  Supply Depot  
  70  6:42  SCV x2, Reaper  
  70  6:45  Reaper  
  74  6:47  Reaper  
  78  6:59  Barracks Tech Lab, SCV  
  78  7:02  Factory  
  78  7:03  SCV  
  79  7:08  Supply Depot  
  79  7:12  SCV  
  79  7:14  Marine  
  79  7:15  SCV  
  69  7:17  Marine  
  69  7:18  Stimpack, Barracks Reactor x2  
  69  7:19  Barracks Reactor, Marine  
  69  7:20  Barracks Reactor  
  68  7:24  SCV  
  68  7:26  Engineering Bay  
  68  7:27  SCV, Engineering Bay  
  68  7:28  Marine  
  68  7:29  Orbital Command  
  71  7:31  Marine  
  71  7:34  Marine  
  71  7:36  SCV  
  74  7:37  Marine  
  75  7:46  Marine  
  75  7:49  Marine, Factory Reactor  
  75  7:50  Starport  
  77  7:52  Terran Infantry Weapons Level 1  
  77  7:54  Terran Infantry Armor Level 1  
  77  7:55  Marine x2  
  77  7:58  Barracks Tech Lab  
  80  8:00  Marine x2  
  80  8:03  Marine  
  83  8:08  Marine x3  
  83  8:11  Missile Turret  
  82  8:13  Missile Turret  
  82  8:15  Orbital Command, Combat Shields  
  80  8:20  Missile Turret  
  80  8:21  Marine x2  
  80  8:25  Marine x3  
  82  8:29  Marine  
  82  8:33  Marine, Factory Reactor  
  84  8:38  Medivac x2  
  84  8:39  SCV  
  89  8:43  Missile Turret  
  89  8:45  SCV  
  90  8:52  SCV  
  90  8:53  Marine  
  90  8:54  Marine x4  
  93  9:02  Supply Depot  
  93  9:06  Armory  
  92  9:11  SCV, Marine  
  92  9:12  Marine  
  92  9:14  Medivac x2  
  92  9:15  SCV  
  100  9:18  Marine x2  
  100  9:19  Marine x2  
  100  9:20  Marine  
  100  9:22  SCV  
  106  9:26  Marine x3  
  106  9:31  Marine x2  
  110  9:33  SCV x2  
  110  9:37  Supply Depot  
  115  9:40  Marine x2  
  115  9:41  Marine x2  
  115  9:44  Supply Depot x2  
  117  9:46  Marine  
  117  9:58  Widow Mine x2  
  117  9:59  Marine x4  
  125  10:01  Supply Depot  
  125  10:05  Marine  
  125  10:06  Medivac x2  
  130  10:07  Marine x4  
  134  10:16  Marine  
  134  10:17  Marine x2  
  141  10:22  Marine  
  141  10:26  Supply Depot  
  141  10:27  Widow Mine x2  
  141  10:28  Marine x3  
  146  10:30  Marine x2  
  146  10:31  Marine  
  148  10:41  SCV  
  148  10:42  Supply Depot  
  149  10:45  SCV  
  149  10:47  Marine  
  149  10:48  Marauder, Marine  
  149  10:49  Marine x3  
  149  10:51  Marine  
  149  10:52  Marine  
  149  10:54  Marine  
  149  11:01  Marine x2, Medivac, SCV  
  149  11:02  Marauder, Medivac  
  144  11:05  Marine  
  144  11:06  Marine x2  
  144  11:07  Marine x2  
  144  11:09  SCV x2  
  144  11:10  Marine  
  137  11:20  SCV  
Show
View Real Time Build Order
Export as new Build Order

Zanster Zerg - Winner!

Build Orders: Pool First, Muta Ling Bane 

Get SALT Encoding   

  12  0:01  Drone  
  13  0:13  Overlord  
  13  0:17  Drone  
  14  0:31  Drone x2  
  14  0:35  Drone  
  17  0:45  Drone  
  17  0:46  Extractor  
  17  0:51  Spawning Pool  
  16  0:57  Drone  
  17  1:08  Drone  
  18  1:20  Hatchery  
  18  1:23  Drone  
  18  1:29  Drone  
  19  1:37  Queen  
  21  1:40  Zergling x2  
  22  1:48  Metabolic Boost  
  22  1:55  Overlord  
  22  2:13  Queen  
  24  2:17  Drone x2  
  26  2:32  Hatchery  
  26  2:34  Zergling x2  
  26  2:35  Zergling x2  
  27  2:38  Zergling x2  
  27  2:44  Zergling x4  
  30  2:52  Zergling x4  
  30  2:53  Zergling x2  
  32  2:58  Zergling x2  
  32  3:04  Overlord  
  33  3:20  Drone x2  
  33  3:26  Drone x4  
  39  3:30  Overlord  
  39  3:32  Drone  
  40  3:37  Queen  
  40  3:38  Drone  
  43  3:43  Drone  
  43  3:45  Drone  
  45  3:52  Drone  
  45  3:53  Drone  
  47  3:58  Drone x2  
  48  4:04  Drone  
  48  4:06  Drone x3  
  48  4:07  Drone  
  48  4:08  Drone  
  54  4:10  Drone  
  54  4:11  Drone  
  54  4:14  Overlord  
  56  4:20  Evolution Chamber  
  56  4:22  Drone  
  56  4:25  Overlord  
  56  4:29  Zergling x2  
  56  4:30  Zergling x2  
  58  4:33  Zergling x2  
  58  4:34  Zergling x2  
  60  4:38  Zergling x2  
  60  4:39  Zergling x10  
  60  4:44  Overlord  
  66  4:51  Zergling x10  
  70  4:53  Zergling x4  
  71  5:03  Zerg Melee Weapons Level 1  
  71  5:04  Lair  
  71  5:06  Extractor  
  69  5:07  Extractor, Zergling x10  
  70  5:15  Queen  
  70  5:16  Overlord  
  72  5:27  Drone x6  
  72  5:28  Drone  
  75  5:38  Zergling x20  
  84  5:50  Zergling x6  
  84  6:03  Drone  
  84  6:04  Drone x2  
  83  6:09  Overlord  
  83  6:10  Drone x6  
  86  6:15  Drone  
  87  6:19  Spire  
  87  6:22  Drone x2  
  86  6:26  Hatchery  
  86  6:28  Extractor x2  
  86  6:29  Extractor  
  86  6:30  Drone  
  81  6:33  Drone  
  81  6:34  Drone  
  81  6:36  Overlord  
  81  6:42  Zergling x14  
  81  6:44  Zergling x2  
  81  6:45  Zergling x2  
  89  6:52  Queen  
  89  6:58  Zergling x4  
  89  7:00  Zergling x2  
  89  7:03  Zerg Melee Weapons Level 2  
  88  7:09  Zergling x2  
  88  7:10  Zergling x2  
  88  7:11  Zergling x8  
  88  7:14  Zergling x4  
  88  7:15  Zergling x4  
  90  7:20  Zergling x6  
  93  7:27  Overlord  
  93  7:28  Overlord  
  93  7:34  Mutalisk x2  
  93  7:37  Mutalisk  
  96  7:38  Mutalisk  
  96  7:39  Queen, Mutalisk x2  
  96  7:43  Mutalisk  
  107  7:46  Zergling x2  
  107  7:47  Queen  
  107  7:49  Overlord  
  110  8:01  Baneling Nest  
  110  8:04  Mutalisk x3  
  107  8:09  Zergling x18  
  107  8:12  Zerg Flyer Weapons Level 1  
  113  8:20  Drone x4  
  113  8:25  Drone x2  
  113  8:26  Drone  
  120  8:31  Queen  
  120  8:33  Drone  
  120  8:34  Drone x4  
  127  8:38  Overlord  
  127  8:55  Mutalisk x4  
  127  8:59  Mutalisk x2  
  137  9:10  Zergling x14  
  137  9:13  Centrifical Hooks  
  137  9:14  Overlord  
  137  9:16  Baneling x8  
  144  9:19  Zerg Ground Armor Level 1  
  144  9:22  Baneling x4  
  144  9:28  Overlord x3  
  142  9:32  Zergling x2  
  142  9:33  Zergling x16  
  142  9:36  Baneling x4  
  151  9:38  Overlord  
  151  9:39  Overlord  
  151  9:51  Mutalisk x3  
  156  9:53  Zergling x12  
  156  9:54  Zergling x12  
  168  10:01  Overlord  
  168  10:05  Zergling x14  
  175  10:07  Overseer  
  173  10:16  Baneling x8  
  173  10:18  Zergling x10  
  173  10:20  Zergling x2  
  179  10:26  Zergling x4  
  181  10:32  Zergling x12  
  187  10:39  Zergling x8  
  187  10:45  Hatchery  
  187  10:47  Zergling x2  
  187  10:48  Zergling x4  
  187  10:49  Baneling x10  
  187  10:50  Baneling x2  
  187  10:53  Infestation Pit  
  187  10:55  Zergling x4  
  188  11:00  Zergling x20  
  192  11:05  Baneling x8  
  192  11:11  Zergling x8  
Tags
 
Add a new tag
Caveats
  • Supply blocks, unpowered buildings, or Contaminate may cause inaccurate times.
  • Supply counts are checked every 10 seconds.